 Dungeon Crawl Stone Soup version 0.16-a0-3496-g6490362 (webtiles) character file.

224 PolkaDot the Sneak (level 5, -14/37 HPs)
             Began as a Vampire Summoner on Jan 5, 2015.
             Demolished by an ogre
             ... wielding a +0 giant club
              (20 damage)
             ... on level 4 of the Dungeon.
             The game lasted 00:08:53 (3764 turns).

PolkaDot the Sneak (Vampire Summoner)               Turns: 3764, Time: 00:08:53

Health: -14/37     AC:  4    Str:  8    XL:     5   Next: 67%
Magic:  4/9        EV: 12    Int: 18    God:
Gold:   180        SH:  0    Dex: 14    Spells: 3 memorised, 2 levels left

rFire  . . .     SeeInvis +     i - +0 short sword
rCold  . . .     Clarity  .     a - +0 robe
rNeg   . . .     SustAb   .     (no shield)
rPois  .         Gourm    .     (no helmet)
rElec  .         Spirit   .     (no cloak)
rCorr  .         Warding  .     m - +0 pair of gloves
rMut   .         Stasis   .     e - +0 pair of boots
MR     .....                    (no amulet)
Stlth  +++.......               (no ring)
                                o - +1 ring of strength

@: regenerating quickly, not resistant to hostile enchantments, fairly stealthy
A: bottle blood, fangs 3, see invisible, unbreathing
a: no special abilities


You were on level 4 of the Dungeon.
You were very full.

You visited 1 branch of the dungeon, and saw 4 of its levels.

You collected 180 gold pieces.

Inventory:

Hand weapons
 i - a +0 short sword (weapon)
Armour
 a - a +0 robe (worn)
 e - a +0 pair of boots (worn)
 m - a +0 pair of gloves (worn)
Jewellery
 o - a +1 ring of strength (left hand)
Scrolls
 g - a scroll of teleportation
 l - a scroll of identify
 n - a scroll of fear
Potions
 c - 3 potions of might
 d - 2 potions of blood {@*1}
 f - a potion of degeneration {!q}
 h - a potion of haste {unknown}
 j - a potion of beneficial mutation {unknown}
 k - a potion of lignification {unknown}
 p - a potion of restore abilities {unknown}
Books
 b - a book of Callings

   Spells                             Type                      Level
   a - Summon Small Mammal            Summoning                    1
   b - Call Imp                       Summoning                    2
   c - Call Canine Familiar           Summoning                    3
   d - Summon Guardian Golem          Hexes/Summoning              4
   e - Summon Lightning Spire         Summoning/Air                4
   f - Summon Ice Beast               Ice/Summoning                4


   Skills:
 - Level 1.0 Fighting
 + Level 1.8 Short Blades
 - Level 2.1 Dodging
 + Level 5.8 Stealth
 - Level 2.0 Spellcasting
 * Level 5.6 Summonings


You had 2 spell levels left.
You knew the following spells:

 Your Spells              Type           Power        Failure   Level  Hunger
d - Call Canine Familiar  Summ           ###.....     6%          3    ###....
s - Call Imp              Summ           ###.....     2%          2    ###....
z - Summon Small Mammal   Summ           ###.         1%          1    #......


Dungeon Overview and Level Annotations

Branches:
Dungeon (4/15)
 Temple: D:4-7

Altars:
Dithmenos
Gozag
Kikubaaqudgha
Ru
Xom
The Shining One


Innate Abilities, Weirdness & Mutations

Your natural rate of healing is unusually fast.
You can bottle blood from corpses.
You have razor-sharp teeth.
You have supernaturally acute eyesight.
You can survive without breathing.


Message History

You are too injured to fight recklessly!
Casting: Call Canine Familiar
Confirm with . or Enter, or press ? or * to list all spells.
The giant cockroach bites you but does no damage.
Your hound closely misses the giant cockroach.
Your hound barely misses the giant cockroach.
The ogre hits you with a giant club!!
Ouch! That really hurt!
* * * LOW HITPOINT WARNING * * *
Your hound barely misses the giant cockroach.
Your hound bites the giant cockroach.
The giant cockroach dies!
Your hound bites the ogre.
Casting: Call Canine Familiar
Confirm with . or Enter, or press ? or * to list all spells.
A beastly little devil appears in a puff of flame.
Your hound bites the ogre.
A crimson imp opens the door.
The ogre hits you with a giant club!!
Ouch! That really hurt!
You die...

....#.....# #....#.....#
#....+.....# +.>..#.....#
#....#.....#
#....#.+...#######
#...........5...>#.
#........h.'.....+..$.
+........#O@.....#.....
#........#......##.......##
..........###....+#.........#
.........## ##....#.........#
.......##...##...+.........+
.....##.....##............#+
##+#...##......
##......#+##...
#....###...._..
###....<..#...
#......##......
##....+....+...


You could see an ogre, a friendly hound and a friendly crimson imp.

Vanquished Creatures
  An iguana (D:4)
  2 gnolls
  5 adders
  A giant mite (D:2)
  2 giant geckos
  3 orcs
  A bat skeleton (D:4)
  2 giant cockroaches
  6 goblins
  8 hobgoblins
  5 jackals
  8 kobolds
  A quokka (D:3)
  2 ball pythons
  6 bats
  2 giant newts (D:2)
  4 rats
59 creatures vanquished.

Vanquished Creatures (collateral kills)
  An orc wizard (D:3)
  Ijyb (D:3)
  2 adders
  3 gnolls (D:3)
  A giant mite (D:3)
  3 worms
  An orc (D:3)
  3 bats
  2 giant cockroaches
  A hobgoblin (D:1)
  A jackal (D:3)
  A kobold (D:1)
  2 giant geckos (D:3)
  2 goblins
  5 rats
29 creatures vanquished.

Vanquished Creatures (others)
  A human (D:3)
  A crimson imp (D:3)
  2 hounds (D:3)
  A rat (D:1)
5 creatures vanquished.

Grand Total: 93 creatures vanquished

Notes
Turn   | Place    | Note
--------------------------------------------------------------
     0 | D:1      | PolkaDot, the Vampire Summoner, began the quest for the Orb.
     0 | D:1      | Reached XP level 1. HP: 13/13 MP: 3/3
   454 | D:1      | Reached XP level 2. HP: 20/20 MP: 0/4
  1118 | D:2      | Reached XP level 3. HP: 21/25 MP: 6/6
  1174 | D:2      | Reached skill level 1 in Fighting
  1202 | D:2      | Learned a level 2 spell: Call Imp
  1206 | D:2      | Learned a level 3 spell: Call Canine Familiar
  1942 | D:2      | Reached skill level 1 in Short Blades
  1942 | D:2      | Reached XP level 4. HP: 17/32 MP: 1/7
  2215 | D:3      | Found a shimmering altar of Xom.
  2215 | D:3      | Found a sacrificial altar of Ru.
  2411 | D:3      | Reached skill level 5 in Summonings
  2458 | D:3      | Noticed Ijyb
  2469 | D:3      | Killed Ijyb
  2509 | D:3      | Reached skill level 5 in Stealth
  2663 | D:3      | Reached XP level 5. HP: 15/37 MP: 0/9
  3443 | D:3      | Found an ancient bone altar of Kikubaaqudgha.
  3443 | D:3      | Noticed a human
  3446 | D:3      | Killed a human
  3568 | D:4      | Found a shadowy altar of Dithmenos.
  3640 | D:4      | Found an opulent altar of Gozag.
  3724 | D:4      | Found a glowing golden altar of the Shining One.
  3753 | D:4      | Noticed an ogre
  3764 | D:4      | Demolished by an ogre

Action                   |  1- 3 |  4- 6 || total
-------------------------+-------+-------++-------
Melee: Unarmed           |    42 |       ||    42
       Short sword       |    53 |    89 ||   142
       Whip              |    75 |    24 ||    99
 Cast: Summon Small Mamm |    15 |       ||    15
       Call Imp          |     9 |    16 ||    25
       Call Canine Famil |       |     9 ||     9
  Use: Potion            |     1 |    10 ||    11
       Scroll            |     7 |     2 ||     9
 Stab: Sleeping          |     9 |     5 ||    14
       Distracted        |       |     3 ||     3
  Eat: Corpse            |     9 |     9 ||    18
